 Dungeon Crawl Stone Soup version 0.31-a0-152-g6aa68a64a1 (webtiles) character file.

Game seed: 9888675061649688719

12 Elmgren the Shooter (level 2, 0/17 HPs)
             Began as a Gargoyle Hunter on June 11, 2023.
             Slain by a gnoll
             ... wielding a +0 spear
              (2 damage)
             ... on level 1 of the Dungeon.
             The game lasted 00:00:24 (193 turns).

Elmgren the Shooter (Gargoyle Hunter)                Turns: 193, Time: 00:00:24

Health: 0/17       AC:  5    Str: 14    XL:     2   Next: 33%
Magic:  2/2        EV: 11    Int:  9    God:
Gold:   9          SH:  0    Dex: 13    Spells: 1/1 levels left

rFire   . . .        a - +0 shortbow
rCold   . . .        (shield currently unavailable)
rNeg    + . .        c - +0 leather armour
rPois   ∞            (no helmet)
rElec   +            (no cloak)
rCorr   .            (no gloves)
SInv    .            (no boots)
Will    .....        (no amulet)
Stlth   +            (no ring)
HPRegen 0.22/turn    (no ring)
MPRegen 0.08/turn

%: no passive effects
@: no status effects
A: sickness immunity, AC +2, negative energy resistance 1, electricity
resistance, torment resistance 1, petrification resistance
a: no special abilities


You were on level 1 of the Dungeon.
You visited 1 branch of the dungeon, and saw 1 of its levels.

You collected 9 gold pieces.

Inventory:

Hand Weapons
 a - a +0 shortbow (weapon)
Armour
 c - a +0 leather armour (worn)
Scrolls
 b - a scroll of butterflies
 e - a scroll of identify {unknown}
Potions
 d - a potion of might {unknown}


   Skills:
 - Level 2.1 Fighting
 + Level 4.5 Ranged Weapons
 - Level 1.5 Dodging
 - Level 1.1 Stealth


You had one spell level left.
You didn't know any spells.
Your spell library was empty.

Dungeon Overview and Level Annotations

Branches:
Dungeon (1/15)

Altars:


Innate Abilities, Weirdness & Mutations

You are immune to sickness and miasma.
Your stone body is resilient. (AC +2)
You are immune to poison.
You resist negative energy. (rN+)
You are resistant to electric shocks. (rElec)
You are resistant to unholy torment.
You are immune to petrification.


Message History

You shoot an arrow. The arrow closely misses the quokka.
The arrow closely misses the kobold.
The arrow hits the gnoll!
The gnoll is almost dead.
The quokka closely misses you.
You shoot an arrow. The arrow hits the quokka.
The quokka is almost dead.
The quokka bites you but does no damage.
The quokka barely misses you.
You shoot an arrow. The arrow barely misses the quokka.
The arrow hits the kobold.
You kill the kobold!
The quokka bites you but does no damage.
You shoot an arrow. The arrow barely misses the quokka.
The arrow closely misses the gnoll.
The arrow hits the rat.
You kill the rat!
The quokka bites you but does no damage.
The gnoll hits you from afar with a +0 spear.
The quokka barely misses you.
You shoot an arrow. The arrow closely misses the quokka.
The arrow hits the gnoll but does no damage.
The gnoll is almost dead.
The gnoll hits you from afar with a +0 spear.
The quokka barely misses you.
You shoot an arrow. The arrow closely misses the quokka.
The arrow barely misses the gnoll.
The arrow barely misses the frilled lizard.
The quokka bites you.
* * * LOW HITPOINT WARNING * * *
The gnoll closely misses you. The quokka misses you.
The gnoll closely misses you.
You shoot an arrow. The arrow barely misses the quokka.
The arrow hits the gnoll but does no damage.
The gnoll is almost dead.
The quokka barely misses you.
The gnoll hits you from afar with a +0 spear.
* * * LOW HITPOINT WARNING * * *
You shoot an arrow. The arrow hits the quokka.
You kill the quokka!
The gnoll hits you from afar with a +0 spear.
You die...

....## ##....#...#.#
.....### ###.....#...#.#
#......#######......#...##.#
.###.............###....#..#
....###.......###......##.##
.......#######.......###..#
####.............######..###
###############....(....#
>........lg†@'.........#
........######.........#
........# #.........#
......l.# #.........#
........# #.........#
........# #.........#
........# ###+#..####
........# #.# [.......#


You could see a gnoll and a frilled lizard.

Vanquished Creatures
  2 bats (D:1)
  A giant cockroach (D:1)
  A goblin (D:1)
  2 jackals (D:1)
  3 quokkas (D:1)
  A frilled lizard (D:1)
  A kobold (D:1)
  A rat (D:1)
12 creatures vanquished.

Notes
Turn   | Place    | Note
-------+----------+-------------------------------------------
     0 | D:1      | Elmgren the Gargoyle Hunter began the quest for the Orb.
     0 | D:1      | Reached XP level 1. HP: 12/12 MP: 1/1
   112 | D:1      | Reached XP level 2. HP: 17/17 MP: 2/2
   193 | D:1      | Slain by a gnoll

Illustrated notes

Levels and vault maps discovered:
D:1:      dpeg_arrival_oval, layout_basic

Action                     || total
---------------------------++-------
   Fire: Shortbow          ||    43
 Armour: Leather armour    ||    17
  Dodge: Dodged            ||    18

Table legend: (Time is in decaauts)
 A = Elapsed time spent in this place.
 B = Non-inter-level travel time spent in this place.
 C = Inter-level travel time spent in this place.
 D = Time resting spent in this place.
 E = Time spent auto-exploring this place.
 F = Levels seen in this place.
 G = Mean time per level.
                   A        B        C        D        E       F      G
               +--------+--------+--------+--------+--------+-----+--------+
         Total |    202 |    202 |      0 |      0 |    129 |   1 |  202.0 |
       Dungeon |    202 |    202 |      0 |      0 |    129 |   1 |  202.0 |
               +--------+--------+--------+--------+--------+-----+--------+

Top non-repeatable levels by time:
     D:1: 202 daAuts
